 Dungeon Crawl Stone Soup version 0.31-a0-233-g139696dc86 (webtiles) character file.

Game seed: 12352132796584133252

771128 olmar the Armataur Barricade (level 27, -12/214 (237) HPs)
             Began as an Armataur Fighter on July 8, 2023.
             Was an Initiate of Gozag.
             Killed from afar by a Hell Sentinel (40 damage)
             ... with damnation
             ... on level 4 of the Iron City of Dis.
             The game lasted 02:43:26 (76694 turns).

olmar the Armataur Barricade (Armataur Fighter)    Turns: 76694, Time: 02:43:27

HP:   -12/214 (237) AC: 42    Str: 31 (34) XL:     27
MP:   21/32         EV: 15    Int:  9 (10) God:    Gozag
Gold: 2052          SH: 31    Dex: 10      Spells: 26/26 levels left

rFire   + . .        z - +13 sceptre of Asmodeus
rCold   . . .        J - +2 tower shield {AC+3}
rNeg    + + +        P - +6 chain mail of Nerphob {rF- rN+++ rCorr Int-3}
rPois   +            R - +1 helmet of the Four Lies {Fly rElec Regen+ Dex-5}
rElec   +            k - +4 dragonskin cloak
rCorr   +            x - +1 pair of gloves "Erixtuec" {Regen+ MP+9}
SInv    .            b - +4 barding
Will    ++++.        D - amulet "Okiq Gix" {Reflect rPois rF- Will+ Regen+ SH+5} Stlth
                     T - ring of Moderation {rPois rF+ Int+3 Dex+6}
HPRegen 2.95/turn    Q - ring "Neing" {rC+ Will+ EV+5 Str+3 Int+2}
MPRegen 0.23/turn

%: random rage (3%), reflection, roll
@: resistant, gold aura, on berserk cooldown, flying, hasted and slowed,
studying Stealth, drained, unable to read, corroded, unable to drink
A: large, rugged brown scales 3, deformed body, armoured tail, roll, long
tongue, awkward tongue, hooves 1, iridescent scales 1, berserk 1, clumsy 1,
deterioration 1, dopey 1, fire resistance 1, frail 2, weak 1, cold vulnerability
2, subdued magic 1, inability to read after injury 2, devolution 1
}: 6/15 runes: decaying, slimy, silver, obsidian, abyssal, gossamer
a: Renounce Religion, Potion Petition, Call Merchant, Bribe Branch


You were on level 4 of the Iron City of Dis.
You worshipped Gozag.
Gozag was most pleased with you.
You visited 14 branches of the dungeon, and saw 66 of its levels.
You visited the Abyss 2 times.
You visited 1 bazaar.
You also visited: Ossuary.

You collected 40424 gold pieces.
You spent 12945 gold pieces at shops.
You paid 25427 gold pieces to Gozag.

Inventory:

Hand Weapons
 v - a +9 sacred scourge of holy wrath
 z - the +13 sceptre of Asmodeus (weapon)
   (You took it off Asmodeus on level 7 of Gehenna)

   Fire Summon: It may summon demons of flame and damnation when striking foes.
Missiles
 G - 2 throwing nets
Armour
 a - the +6 chain mail of Dice, Bag, and Bottle {rF++ rN++ Stlth-}
   (You found it on level 10 of the Dungeon)

   rF:        It greatly protects you from fire.
   rN:        It greatly protects you from negative energy.
   Stlth:     It makes you less stealthy.
 b - a +4 barding (worn)
 k - the +4 dragonskin cloak (worn)
   (You took it off Tiamat on level 2 of the Realm of Zot)

   Avatar's Aegis: It grants the wearer a chance to resist fire, cold, poison,
   electricity, acid, and negative energy.
 x - the +1 pair of gloves "Erixtuec" (worn) {Regen+ MP+9}
   (You found it on level 1 of the Lair of Beasts)

   MP:        It affects your magic capacity (+9).
   Regen:     It increases your rate of health regeneration.
 J - a +2 tower shield of protection (worn)
 P - the +6 chain mail of Nerphob (worn) {rF- rN+++ rCorr Int-3}
   (You found it on level 7 of Gehenna)

   Int:       It affects your intelligence (-3).
   rF:        It makes you vulnerable to fire.
   rN:        It renders you almost immune to negative energy.
   rCorr:     It protects you from acid and corrosion.
 R - the +1 helmet of the Four Lies (worn) {Fly rElec Regen+ Dex-5}
   (You bought it in a shop on level 1 of the Vaults)

   Dex:       It affects your dexterity (-5).
   rElec:     It insulates you from electricity.
   Fly:       It grants you flight.
   Regen:     It increases your rate of health regeneration.
Jewellery
 h - the ring of Fatigue {rC+ rN+ Slay+4}
   (You found it on level 3 of the Crypt)

   [ring of positive energy]

   Slay:      It affects your accuracy & damage with ranged weapons and melee
   (+4).
   rC:        It protects you from cold.
   rN:        It protects you from negative energy.
 i - the ring of the Raven {rN+ Str+6 Int+6 Slay+3}
   (You found it on level 2 of the Realm of Zot)

   [ring of intelligence]

   Str:       It affects your strength (+6).
   Int:       It affects your intelligence (+6).
   Slay:      It affects your accuracy & damage with ranged weapons and melee
   (+3).
   rN:        It protects you from negative energy.
 l - a ring of magical power
 w - the ring "Zuidai Neni" {rPois rF+++ rN+ Will++ Dex-4}
   (You found it on level 3 of the Crypt)

   [ring of positive energy]

   Dex:       It affects your dexterity (-4).
   rF:        It renders you almost immune to fire.
   rPois:     It protects you from poison.
   rN:        It protects you from negative energy.
   Will:      It greatly increases your willpower.
 D - the amulet "Okiq Gix" (around neck) {Reflect rPois rF- Will+ Regen+ SH+5}
   (You bought it in a shop in a bazaar)

   [amulet of reflection]

   It reflects blocked missile attacks.
   rF:        It makes you vulnerable to fire.
   rPois:     It protects you from poison.
   Regen:     It increases your rate of health regeneration.
   SH:        It affects your SH (+5).
   Will:      It increases your willpower.
 Q - the ring "Neing" (right hand) {rC+ Will+ EV+5 Str+3 Int+2}
   (You bought it in a shop on level 2 of the Orcish Mines)

   [ring of evasion]

   EV:        It affects your evasion (+5).
   Str:       It affects your strength (+3).
   Int:       It affects your intelligence (+2).
   rC:        It protects you from cold.
   Will:      It increases your willpower.
 T - the ring of Moderation (left hand) {rPois rF+ Int+3 Dex+6}
   (You found it on level 3 of the Elven Halls)

   [ring of dexterity]

   Int:       It affects your intelligence (+3).
   Dex:       It affects your dexterity (+6).
   rF:        It protects you from fire.
   rPois:     It protects you from poison.
Wands
 f - a wand of iceblast (71) (quivered)
 j - a wand of polymorph (24)
 p - a wand of charming (60)
 u - a wand of quicksilver (27)
 B - a wand of digging (42)
 O - a wand of flame (77)
 X - a wand of mindburst (49)
Scrolls
 e - 9 scrolls of fear
 m - 5 scrolls of butterflies
 n - 4 scrolls of enchant armour
 o - 5 scrolls of revelation
 q - 3 scrolls of silence
 t - 11 scrolls of poison
 y - 15 scrolls of teleportation
 E - 15 scrolls of blinking
 H - 5 scrolls of fog
 K - a scroll of brand weapon
Potions
 c - 3 potions of haste
 d - 6 potions of might
 r - 27 potions of curing
 s - 6 potions of invisibility
 A - 5 potions of resistance
 F - 11 potions of ambrosia
 L - 5 potions of enlightenment
 M - 11 potions of heal wounds
 N - 6 potions of lignification
 S - a potion of berserk rage
 U - 13 potions of mutation
 V - 10 potions of cancellation
 Z - 2 potions of brilliance
Miscellaneous
 g - a condenser vane
 C - the horn of Geryon
 I - a phantom mirror
 W - a lightning rod (4/4)
 Y - a box of beasts


   Skills:
 O Level 27 Fighting
 O Level 27 Maces & Flails
 - Level 2.5 Throwing
 + Level 23.3 Armour
 + Level 14.1 Dodging
 - Level 4.2 Stealth
 O Level 27 Shields
 + Level 5.7 Evocations


You had 26 spell levels left.
You didn't know any spells.
Your spell library contained the following spells:

 Spells                   Type           Power      Damage    Failure   Level
 Apportation              Tloc           0%         N/A       58%         1
 Beastly Appendage        Tmut           0%         N/A       58%         1
 Kiss of Death            Conj/Necr      0%         2d5       58%         1
 Magic Dart               Conj           0%         1d3       58%         1
 Necrotise                Necr           0%         1d4       58%         1
 Sandblast                Erth           0%         2d4       58%         1
 Shock                    Conj/Air       0%         1d3       58%         1
 Slow                     Hex            0%         N/A       58%         1
 Sting                    Tmut/Pois      0%         1d3       58%         1
 Summon Small Mammal      Summ           0%         N/A       58%         1
 Cigotuvi's Dreadful Rot  Necr/Pois/Air  0%         N/A       73%         2
 Ensorcelled Hibernation  Hex/Ice        0%         N/A       73%         2
 Lesser Beckoning         Tloc           0%         N/A       73%         2
 Passwall                 Tmut/Erth      0%         N/A       73%         2
 Poisonous Vapours        Pois/Air       0%         N/A       73%         2
 Scorch                   Fire           0%         2d5       73%         2
 Searing Ray              Conj           0%         2d4       73%         2
 Static Discharge         Conj/Air       0%         2-2/arc   73%         2
 Wereblood                Tmut           0%         N/A       73%         2
 Call Canine Familiar     Summ           0%         N/A       92%         3
 Confusing Touch          Hex            0%         N/A       92%         3
 Dazzling Flash           Conj/Hex       0%         N/A       92%         3
 Gell's Gravitas          Tloc           0%         N/A       92%         3
 Ignite Poison            Fire/Tmut/Pois 0%         N/A       92%         3
 Inner Flame              Hex/Fire       0%         N/A       92%         3
 Mephitic Cloud           Conj/Pois/Air  0%         N/A       92%         3
 Ozocubu's Armour         Ice            0%         N/A       92%         3
 Portal Projectile        Hex/Tloc       0%         N/A       92%         3
 Spider Form              Tmut/Pois      0%         N/A       92%         3
 Stone Arrow              Conj/Erth      0%         3d7       92%         3
 Summon Guardian Golem    Hex/Summ       0%         N/A       92%         3
 Swiftness                Air            0%         N/A       92%         3
 Teleport Other           Tloc           0%         N/A       92%         3
 Tukima's Dance           Hex            0%         N/A       92%         3
 Vampiric Draining        Necr           0%         2d6       92%         3
 Vhi's Electric Charge    Tloc/Air       0%         N/A       92%         3
 Volatile Blastmotes      Fire/Tloc      0%         2d10      92%         3
 Airstrike                Air            0%         2d(0-16)  100%        4
 Anguish                  Hex/Necr       0%         N/A       100%        4
 Animate Armour           Summ/Erth      0%         N/A       100%        4
 Cause Fear               Hex            0%         N/A       100%        4
 Dispel Undead            Necr           0%         3d6       100%        4
 Flame Wave               Conj/Fire      0%         2d4       100%        4
 Fulminant Prism          Conj/Hex       0%         3d5       100%        4
 Iskenderun's Mystic Bla  Conj/Tloc      0%         2d3       100%        4
 Leda's Liquefaction      Hex/Erth       0%         N/A       100%        4
 Manifold Assault         Tloc           0%         N/A       100%        4
 Olgreb's Toxic Radiance  Pois           0%         N/A       100%        4
 Passage of Golubria      Tloc           0%         N/A       100%        4
 Sticky Flame             Conj/Fire      0%         2d3       100%        4
 Summon Ice Beast         Ice/Summ       0%         N/A       100%        4
 Summon Lightning Spire   Summ/Air       0%         N/A       100%        4
 Agony                    Necr           0%         N/A       100%        5
 Alistair's Intoxication  Tmut/Pois      0%         N/A       100%        5
 Arcjolt                  Conj/Air       0%         1d10      100%        5
 Blade Hands              Tmut           0%         N/A       100%        5
 Freezing Cloud           Conj/Ice/Air   0%         6-21      100%        5
 Lee's Rapid Deconstruct  Erth           0%         3d4*      100%        5
 Metabolic Englaciation   Hex/Ice        0%         N/A       100%        5
 Silence                  Hex/Air        0%         N/A       100%        5
 Summon Mana Viper        Hex/Summ       0%         N/A       100%        5
 Yara's Violent Unravell  Hex/Tmut       0%         3d3       100%        5
 Dispersal                Tloc           0%         N/A       100%        6
 Leda's Unmaking          Conj/Erth      0%         9d1       100%        6
 Starburst                Conj/Fire      0%         6d3       100%        6
 Statue Form              Tmut/Erth      0%         N/A       100%        6
 Summon Cactus Giant      Summ           0%         N/A       100%        6
 Enfeeble                 Hex            0%         N/A       100%        7
 Malign Gateway           Summ/Tloc      0%         N/A       100%        7
 Monstrous Menagerie      Summ           0%         N/A       100%        7
 Ozocubu's Refrigeration  Ice            0%         4d7       100%        7
 Discord                  Hex            0%         N/A       100%        8
 Disjunction              Tloc           0%         N/A       100%        8
 Ignition                 Fire           0%         3d3       100%        8
 Lehudib's Crystal Spear  Conj/Erth      0%         10d2      100%        8
 Maxwell's Capacitive Co  Air            0%         ∞         100%        8
 Summon Horrible Things   Summ           0%         N/A       100%        8
 Fire Storm               Conj/Fire      0%         5d1       100%        9
 Polar Vortex             Ice            0%         N/A       100%        9
 Simulacrum               Ice/Necr       Unusable   N/A       N/A         6

Dungeon Overview and Level Annotations

Branches:
Dungeon (15/15)            Temple (0/1) D:5            Lair (5/5) D:8
  Swamp (4/4) Lair:2       Spider (4/4) Lair:2        Slime (5/5) Lair:4
    Orc (2/2) D:12            Elf (3/3) Orc:2        Vaults (5/5) D:13
  Crypt (3/3) Vaults:2       Tomb (0/3) Crypt:3      Depths (4/4) D:15
   Hell (visited)             Dis (4/7) Hell            Geh (7/7) Hell
    Coc (0/7) Hell            Tar (0/7) Hell            Zot (5/5) Depths:4
Ossuary (visited)

Altars:
Fedhas
Gozag
Hepliaklqana
Kikubaaqudgha
Okawaru
Ru
Trog
Xom
Yredelemnul
Jiyva

Shops:
D:11 (*(   Orc:1 ?   Orc:2 ?:=??   Elf:3 =?   Lair:3 (   Swamp:2 **
Vaults:1 [   Vaults:2 *[:   Vaults:3 [(   Zot:3 *   Depths:3 [
Depths:4 **[=(*::=

Portals:
Hell: Depths:1 Depths:2 Depths:3 Depths:4
Abyss: Orc:1 Depths:3
Pandemonium: Depths:2 Depths:4
Ziggurat: Depths:2

Annotations:
D:5 1 runed translucent door, Crazy Yiuf, Dowan
Swamp:1 2 transporters, reriks's ghost, journeyman OgFE
Vaults:3 1 runed translucent door, Qeunemit's ghost, adept GrFi
Vaults:4 3 runed translucent doors, Pixtaico's ghost, adept FeNe
Depths:3 3 runed translucent doors, Polaczum's ghost, adept TrMo


Innate Abilities, Weirdness & Mutations

You are completely covered in rugged brown scales. (AC +3, +7% HP)
Armour fits poorly on your strangely shaped body.
You have a long armoured tail.
You roll when moving toward enemies. (Rampage)
Your long tongue fully drains potion bottles. (2x potion effects)
Your tongue gives you trouble enunciating. (1.5x scroll delay)
You have large cloven feet.
You are partially covered in iridescent scales. (AC +2)
You sometimes lose your temper in combat.
You are clumsy. (Dex -2)
Your body sometimes deteriorates upon taking damage.
You are dopey. (Int -2)
Your flesh is heat resistant. (rF+)
You are very frail. (-20% HP)
You are weak. (Str -2)
You are very vulnerable to cold. (rC--)
Your spells are a little easier to cast, but a little less powerful.
You sometimes lose the ability to read scrolls when taking damage.
You have hidden genetic defects.


Message History

You block the iron dragon's attack.
The iron giant throws the iron golem at you!
Unknown command.
You puncture the Hell Sentinel! You kick the Hell Sentinel!
The Hell Sentinel is lightly wounded.
Your hellion hits the Hell Sentinel. The iron golem hits your hellion!!!
The iron golem hits your hellion!!
Your hellion dies!
Your hellion disappears in a puff of smoke!
The iron golem hits you!!
* * * LOW HITPOINT WARNING * * *
The iron golem barely misses you.
You completely miss the Hell Sentinel.
The Hell Sentinel is lightly wounded.
You block the Hell Sentinel's attack. x2; The iron golem barely misses you.
The iron golem hits you!!
* * * LOW HITPOINT WARNING * * *
Unknown command.
The iron dragon is distracted by your dazzling golden aura.
Things that are here:
46 gold pieces; a +0 giant club You feel a strong urge to attack something.
The iron dragon is no longer distracted by gold.
You feel your anger nearly subside.
The iron dragon breathes metal splinters at you.
The spray of metal splinters hits you but does no damage.
You are no longer berserk.
You are exhausted.
You feel yourself slow down.
Unknown command. [a] - 435 gold - resistance and enlightenment [b] - 120 gold - heal wounds [c] - 520 gold - haste and resistance Purchase which effect?
You feel yourself speed up.
You feel protected. The Hell Sentinel gestures at you.
The sphere of damnation explodes!
The damnation engulfs you!!!
You die...
Your body crumbles into a pile of gold.

.....§§§§9.......#
..
.....§..§§.......#
...
...##....§##.....#
.... ..
#.....##$9...##....
#.......$D.........
#......99..9.......
........C.........^
#..........1........
#...####...@.^.....
#### #....#######
#........ #........#
##..##..## ### ####


You could see 4 iron golems, an iron giant, a Hell Sentinel and an iron dragon
(catching breath).

Vanquished Creatures
  Asmodeus (Geh:7)
  the Royal Jelly (Slime:5)
  Dissolution (Slime:2)
  the Serpent of Hell (Geh:7)
  10 dread liches
  Tiamat (Zot:2)
  3 ancient liches
  8 orbs of fire
  Khufu (Crypt:3)
  Mennas (Vaults:1)
  The ghost of Joggorr the Slayer, a veteran OgBe of Trog (Zot:3)
  Josephina (Crypt:2)
  A shard shrike (Zot:3)
  A Killer Klown (Zot:5)
  Bai Suzhen (Spider:3)
  2 curse toes
  Frederick (Vaults:5)
  Geryon (Hell)
  8 golden dragons
  2 bone dragons
  2 profane servitors
  2 electric golems (Zot:5)
  A shard shrike zombie (Abyss:2)
  An iron giant (Dis:4)
  10 Brimstone Fiends
  Rupert (Lair:5)
  2 Hell Sentinels
  An Ice Fiend (Depths:1)
  21 tentacled monstrosities
  17 Orb Guardians (Zot:5)
  7 hellephants
  Mlioglotl (Spider:2)
  Jorgrun (Swamp:1)
  5 deep elf master archers
  2 liches
  6 titans (Vaults:5)
  17 searing wretches
  3 deep elf blademasters
  6 ancient champions
  9 quicksilver dragons
  14 acid blobs
  6 death cobs
  2 tentacled starspawn (Abyss:3)
  2 thorn hunters (Swamp:4)
  5 sphinxes
  14 storm dragons
  3 tengu reavers
  The ghost of ragingrage the Wallflower, an adept VSMo of Uskayaw (Elf:2)
  6 draconian monks
  7 shadow dragons
  13 rockslimes
  The ghost of Iryalus the Phalangite, an adept MfBe of Trog (Swamp:3)
  7 draconian knights
  4 revenants
  6 azure jellies
  18 fire giants
  2 iron dragons
  A quicksilver elemental (Dis:4)
  6 frost giants
  3 draconian scorchers
  Louise (Swamp:1)
  10 deep elf sorcerers
  8 ghost moths
  2 emperor scorpions (Spider:4)
  2 draconian stormcallers
  2 caustic shrike zombies
  15 vault wardens
  A spectral caustic shrike (Crypt:3)
  20 balrugs
  2 curse skulls (Crypt:1)
  4 orc warlords
  20 ironbound preservers
  11 ghouls
  6 deep elf elementalists
  A caustic shrike skeleton (Crypt:1)
  6 formless jellyfish
  2 broodmothers
  7 war gargoyles
  8 draconian shifters
  9 quicksilver oozes
  4 reapers (Hell)
  6 stone giants
  5 ironbound thunderhulks
  37 very ugly things
  A juggernaut skeleton (Abyss:2)
  3 draconian annihilators
  The ghost of Bekuax the Gelid, a journeyman MfIE of Gozag (Lair:4)
  A spriggan defender (Depths:2)
  9 vampire knights
  14 green draconians
  5 deep elf demonologists
  5 eleionomae
  A wendigo (Hell)
  11 dire elephants
  2 bunyips (Swamp:3)
  2 pale draconians (Depths:4)
  14 red draconians
  17 black draconians
  7 deep elf annihilators
  13 white draconians
  7 spark wasps
  13 purple draconians
  17 yellow draconians
  2 iron golems (Hell)
  8 deep elf death magi
  7 fire dragons
  2 eidola
  A shambling mangrove (Swamp:4)
  6 ettins
  A green death (Zot:3)
  3 mummy priests
  The ghost of Shard1697 the Carver, a journeyman DjRe of Dithmenos (Orc:1)
  16 jiangshi
  12 yaktaur captains
  12 deep elf high priests
  8 great orbs of eyes
  Harold (Orc:1)
  6 entropy weavers
  2 rakshasas (Depths:2)
  A hell beast (Depths:2)
  28 vault guards
  A fenstrider witch zombie (Crypt:1)
  A quicksilver dragon skeleton (Crypt:1)
  24 hydras
  A spriggan air mage (Depths:2)
  10 ice dragons
  2 catoblepae
  2 ghost crabs
  8 ogre magi
  15 salamander tyrants
  9 boulder beetles
  7 ironbound frosthearts
  11 stokers
  5 radroaches
  4 jorogumos
  Erica (D:9)
  13 centaur warriors
  17 two-headed ogres
  8 death knights
  6 alligators
  26 dancing weapons
  A fenstrider witch skeleton (Abyss:2)
  4 deep troll earth magi
  9 death yaks
  7 tengu warriors
  2 deep troll shamans
  61 hell hogs
  9 demonic crawlers
  7 death scarabs (Spider:4)
  A naga warrior (Abyss:2)
  3 vampire magi
  2 spriggan berserkers
  11 hell knights
  Nergalle (Lair:2)
  An orc high priest (Elf:3)
  Sonja (D:10)
  A quicksilver ooze zombie (Crypt:1)
  3 wretched stars (Abyss:2)
  4 storm dragon zombies (Hell)
  5 sun demons (Hell)
  7 thrashing horrors (Abyss:2)
  4 soul eaters
  13 deep elf knights
  A salamander mystic (Depths:4)
  2 skysharks
  30 skeletal warriors
  A sun moth (Spider:3)
  A golden dragon zombie (Hell)
  8 pharaoh ants
  4 goliath frogs
  A spatial maelstrom (Abyss:2)
  A death drake (shapeshifter) (Depths:4)
  70 deep trolls
  2 shadow wraiths (Crypt:3)
  A spark wasp zombie (Hell)
  6 iron trolls
  An anaconda zombie (Crypt:1)
  5 glowing orange brains
  4 flayed ghosts
  7 spriggan druids
  10 orb spiders
  10 bog bodies
  A spriggan simulacrum (Crypt:2)
  18 deep elf archers
  2 wolf spider zombies (Spider:4)
  2 tengu zombies (Hell)
  19 lindwurms
  18 ironbound convokers
  9 necromancers
  7 phantasmal warriors
  7 wizards
  18 orc knights
  2 orange crystal statues (Abyss:3)
  5 harpies (Vaults:4)
  13 swamp dragons
  2 obsidian statues
  A shadow dragon zombie (Hell)
  23 starcursed masses
  7 steelbarb worms
  2 spectral wolf spiders (Spider:4)
  41 deep elf pyromancers
  A mana viper (Abyss:2)
  A broodmother zombie (Spider:4)
  20 wolf spiders
  8 cyclopes
  4 shining eyes
  A stone giant zombie (Hell)
  28 deep elf zephyrmancers
  39 ugly things
  5 salamanders
  Maurice (D:12)
  39 moths of wrath
  7 worldbinders
  3 will-o-the-wisps
  5 manticores
  17 vault sentinels
  9 elephants
  A dire elephant skeleton (Hell)
  6 black mambas
  12 smoke demons
  A water nymph (shapeshifter) (Vaults:5)
  2 rust devils (Hell)
  9 torpor snails
  2 guardian serpents
  8 molten gargoyles
  4 ice statues
  4 orange demons
  18 cane toads
  A shock serpent skeleton (Crypt:2)
  3 gargoyles
  Maggie (D:9)
  A black draconian zombie (Crypt:1)
  27 yaktaurs
  2 efreet
  2 unseen horrors (D:13)
  7 freezing wraiths
  A centaur skeleton (Abyss:2)
  A green draconian zombie (Crypt:1)
  A swamp worm zombie (Crypt:2)
  7 komodo dragons
  15 hellions
  3 spectral redbacks (Spider:4)
  A kobold demonologist (D:9)
  4 tengu conjurers
  A tormentor (Geh:2)
  4 ice devils
  5 ancient zymes
  A catoblepas skeleton (Crypt:2)
  2 redback zombies (Spider:4)
  A bunyip simulacrum (Crypt:2)
  2 red devils
  A purple draconian skeleton (Crypt:1)
  A minotaur skeleton (Crypt:1)
  7 guardian mummies (Crypt:3)
  11 tyrant leeches
  3 hellwings
  A harpy zombie (Hell)
  A polar bear (shapeshifter) (D:9)
  6 polar bears
  6 trolls
  2 spectral culicivoras (Spider:4)
  A hydra zombie (Abyss:2)
  26 hornets
  14 raiju
  7 meliai
  A spectral tarantella (Spider:4)
  4 blink frogs
  2 spectral jumping spiders (Spider:4)
  Grinder (D:6)
  A raiju (shapeshifter) (D:13)
  A shadow dragon simulacrum (Hell)
  28 tarantellas
  Prince Ribbit (D:6)
  2 spriggan zombies (Hell)
  A culicivora zombie (Spider:4)
  3 jumping spider zombies (Spider:4)
  13 culicivoras
  8 large abominations
  A tarantella zombie (Spider:4)
  15 dream sheep
  A guardian serpent skeleton (Crypt:1)
  An ettin zombie (Hell)
  93 slime creatures
  An air elemental (Elf:1)
  44 flying skulls (Crypt:3)
  2 centaur simulacra
  An ettin skeleton (Crypt:3)
  A satyr skeleton (Crypt:2)
  A stone giant simulacrum (Hell)
  48 yaks
  5 shadows
  Eustachio (D:5)
  11 wraiths
  A dire elephant simulacrum (Hell)
  22 spriggans
  A water elemental (Elf:1)
  24 jumping spiders
  13 wyverns
  A fire dragon skeleton (Crypt:1)
  A naga simulacrum (Crypt:2)
  2 golden eyes (Slime:5)
  2 ynoxinuls (Abyss:2)
  5 humans (Lair:4)
  2 vampires (D:13)
  5 fire elementals
  A hog (shapeshifter) (D:13)
  An alligator snapping turtle simulacrum (Crypt:3)
  4 neqoxecs
  7 basilisks
  A minotaur simulacrum (Hell)
  A golden eye (shapeshifter) (Elf:1)
  2 chaos spawn (Abyss:2)
  5 steam dragons
  15 vampire mosquitoes
  A black mamba skeleton (Abyss:3)
  3 wargs
  2 spatial vortices (Abyss:2)
  70 redbacks
  17 swamp worms
  6 acid dragons
  A water nymph zombie (Crypt:2)
  23 water moccasins
  15 small abominations
  3 hell hounds (Abyss:3)
  4 swamp drakes (Swamp:4)
  A floating eye (Zot:3)
  A sky beast (D:6)
  2 black bears
  29 orc warriors
  2 ice beasts (D:5)
  24 ogres
  2 boggarts
  5 wolves (Lair:2)
  9 centaurs
  A phantom (D:6)
  Blork the orc (D:6)
  3 earth elementals
  17 bullfrogs
  A draconian skeleton (Crypt:1)
  A gnoll sergeant (D:8)
  4 scorpions
  4 water moccasin zombies (Ossuary)
  7 necrophages
  A deep troll simulacrum (Crypt:2)
  20 wights
  9 killer bees
  A spriggan skeleton (Crypt:2)
  An electric eel (Lair:4)
  7 howler monkeys
  2 quasits (D:4)
  4 hounds
  2 bullfrog zombies (Ossuary)
  3 centaur zombies
  18 orc priests
  2 gnoll boudas
  16 jellies
  An iron imp (Abyss:2)
  5 iguanas
  18 mummies (Ossuary)
  Terence (D:2)
  3 sleepcaps
  28 orc wizards
  3 killer bee zombies (Ossuary)
  A naga zombie (Crypt:2)
  A howler monkey zombie (Ossuary)
  8 gnolls
  19 adders
  3 shadow imps (D:4)
  8 white imps
  4 ufetubi
  3 worms
  4 dart slugs
  108 orcs
  9 ball pythons
  7 bats
  9 endoplasms
  4 giant cockroaches
  10 goblins
  7 hobgoblins
  5 quokkas
  5 frilled lizards
  8 kobolds
  5 rats
  A river rat skeleton (Crypt:1)
  4 creeping infernos
  36 fire vortices
  2 lurking horrors (Abyss:2)
  2 starspawn tentacles (Abyss:3)
2942 creatures vanquished.

Vanquished Creatures (collateral kills)
  An orb of fire (Zot:4)
  A dread lich (Zot:5)
  3 Killer Klowns
  A golden dragon (Zot:3)
  8 Orb Guardians (Zot:5)
  2 tentacled monstrosities
  A quicksilver dragon (Zot:2)
  2 acid blobs
  A tentacled starspawn (Abyss:2)
  A rockslime (Slime:3)
  A quicksilver elemental (Dis:1)
  2 azure jellies
  A draconian monk (Zot:1)
  A balrug (Zot:3)
  A draconian shifter (Zot:2)
  2 ghost moths
  A draconian stormcaller (Zot:5)
  A formless jellyfish (Slime:3)
  3 very ugly things
  A quicksilver ooze (Slime:5)
  A draconian annihilator (Zot:4)
  3 green draconians
  A vampire knight (Zot:3)
  A stone giant (Depths:4)
  3 red draconians (Zot:3)
  A yellow draconian (Zot:3)
  3 white draconians
  3 purple draconians
  An ettin (Depths:4)
  The ghost of Maxmaps the Nimble, a journeyman DsRe of Gozag (Lair:1)
  A fire dragon (Depths:3)
  A great orb of eyes (Slime:5)
  2 deep troll shamans
  A deep troll earth mage (Depths:4)
  2 thrashing horrors (Abyss:2)
  A wretched star (Abyss:2)
  An iron troll (Depths:4)
  A deep elf archer (Elf:2)
  A steelbarb worm (Spider:3)
  3 deep elf pyromancers
  2 ugly things (Depths:3)
  2 moths of wrath
  A smoke demon (Abyss:3)
  A cane toad (Lair:1)
  A black mamba (Lair:1)
  An unseen horror (Abyss:2)
  A hornet (Lair:5)
  5 raiju
  16 slime creatures
  2 neqoxecs (Abyss:3)
  2 golden eyes (Slime:5)
  A chaos spawn (Abyss:2)
  A small abomination (Abyss:2)
  A water moccasin (Lair:5)
  5 ogres (Orc:2)
  An orc warrior (Orc:2)
  3 starcursed masses (Abyss:2)
  A bullfrog (Lair:1)
  An iron imp (Abyss:2)
  2 lurking horrors
117 creatures vanquished.

Vanquished Creatures (others)
  3 fire giants
  A green draconian (Zot:5)
  A stoker (Geh:4)
  A deep elf archer (Elf:2)
  A deep elf zephyrmancer (Elf:3)
  An ugly thing (Abyss:2)
  A salamander (Depths:4)
  2 tormentors
  A bloated husk (Swamp:1)
  A raiju (Abyss:2)
  A spriggan (Swamp:4)
  A fire elemental (Elf:2)
  2 swamp worms
  A water moccasin (Lair:1)
  2 swamp drakes
  A large abomination (Abyss:2)
  An ogre (Orc:2)
  A ball python (D:4)
  4 creeping infernos
  2 fire vortices (Geh:4)
  14 foxfires
  7 starspawn tentacles
50 creatures vanquished.

Grand Total: 3109 creatures vanquished

Notes
Turn   | Place    | Note
-------+----------+-------------------------------------------
     0 | D:1      | olmar the Armataur Fighter began the quest for the Orb.
     0 | D:1      | Reached XP level 1. HP: 19/19 MP: 1/1
   194 | D:1      | Reached XP level 2. HP: 26/26 MP: 2/2
   848 | D:1      | Reached XP level 3. HP: 33/33 MP: 3/3
  1177 | D:2      | Noticed Terence
  1187 | D:2      | Killed Terence
  1188 | D:2      | Reached XP level 4. HP: 34/40 MP: 4/4
  1461 | D:2      | Found a shimmering altar of Xom.
  1916 | D:3      | Reached XP level 5. HP: 41/48 MP: 5/5
  2380 | D:4      | Found a hazy altar of Hepliaklqana.
  2407 | D:4      | Reached XP level 6. HP: 46/54 MP: 6/6
  2524 | D:4      | Reached skill level 5 in Shields
  2529 | D:4      | Noticed a steam dragon
  2546 | D:4      | Killed a steam dragon
  2547 | D:4      | Reached skill level 1 in Dodging
  2547 | D:4      | Reached XP level 7. HP: 52/63 MP: 7/7
  2664 | D:4      | Reached skill level 5 in Maces & Flails
  2837 | D:4      | Found an ancient bone altar of Kikubaaqudgha.
  2853 | D:4      | Reached skill level 5 in Armour
  2997 | D:5      | Entered Level 5 of the Dungeon
  2998 | D:5      | Noticed Eustachio
  3008 | D:5      | Reached XP level 8. HP: 70/70 MP: 8/8
  3023 | D:5      | Found a sand-covered staircase.
  3032 | Ossuary  | Entered an ossuary
  3067 | Ossuary  | Reached skill level 1 in Stealth
  3560 | D:5      | Killed Eustachio
  3561 | D:5      | Reached XP level 9. HP: 67/77 MP: 9/9
  3626 | D:5      | You fall into a shaft and drop 3 floors!
  3704 | D:7      | Reached skill level 5 in Fighting
  4127 | D:5      | Found a runed translucent door.
  4128 | D:5      | Noticed Crazy Yiuf
  4220 | D:5      | Noticed Dowan
  4317 | D:6      | Noticed Grinder
  4323 | D:6      | Killed Grinder
  4358 | D:6      | Noticed Prince Ribbit
  4360 | D:6      | Noticed Blork the orc
  4372 | D:6      | Killed Blork the orc
  4386 | D:6      | Killed Prince Ribbit
  4560 | D:6      | Reached XP level 10. HP: 87/88 MP: 10/10
  4877 | D:6      | Found a sacrificial altar of Ru.
  5141 | D:7      | Found an opulent altar of Gozag.
  5147 | D:7      | Found a basalt altar of Yredelemnul.
  5149 | D:7      | Became a worshipper of Gozag Ym Sagoz the Greedy
  5625 | D:8      | Noticed a two-headed ogre
  5634 | D:8      | Killed a two-headed ogre
  5635 | D:8      | Reached skill level 10 in Maces & Flails
  6023 | D:8      | Noticed a two-headed ogre
  6041 | D:8      | Killed a two-headed ogre
  6185 | D:8      | Found a staircase to the Lair.
  6706 | D:9      | Noticed Erica
  6729 | D:9      | Killed Erica
  6966 | D:9      | Found a shimmering altar of Xom.
  6980 | D:9      | Reached XP level 11. HP: 92/97 MP: 11/11
  7575 | D:9      | Identified the +0 robe of Apol {rPois}
  7613 | D:9      | Noticed Maggie
  7644 | D:9      | Killed Maggie
  8363 | D:10     | Entered Level 10 of the Dungeon
  8531 | D:10     | Identified the +6 chain mail of Dice, Bag, and Bottle {rF++
                  | rN++ Stlth-}
  8584 | D:10     | Noticed Sonja
  8608 | D:10     | Killed Sonja
  8956 | Lair:1   | Entered Level 1 of the Lair of Beasts
  9406 | Lair:1   | Found a transporter.
  9427 | Lair:1   | Reached XP level 12. HP: 107/107 MP: 12/12
  9507 | Lair:1   | Identified the +1 pair of gloves "Erixtuec" {Regen+ MP+9}
  9626 | Lair:1   | Noticed a catoblepas
  9629 | Lair:1   | Noticed Maxmaps's ghost (journeyman DsRe)
  9635 | Lair:1   | Found a transporter.
  9981 | Lair:2   | Reached skill level 10 in Shields
 10103 | Lair:2   | Noticed a death yak
 10103 | Lair:2   | Noticed a death yak
 10103 | Lair:2   | Noticed a death yak
 10143 | Lair:1   | Killed a death yak
 10267 | Lair:1   | Killed a death yak
 10310 | Lair:1   | Killed a death yak
 10357 | Lair:2   | Reached skill level 5 in Dodging
 10507 | Lair:2   | Found a hole to the Spider Nest.
 10629 | Lair:2   | Noticed Nergalle
 10651 | Lair:2   | Killed Nergalle
 10686 | Lair:2   | Noticed a five-headed hydra
 10694 | Lair:2   | Killed a five-headed hydra
 10695 | Lair:2   | Reached skill level 1 in Throwing
 10719 | Lair:2   | Found a staircase to the Swamp.
 10719 | Lair:2   | Noticed a seven-headed hydra
 10730 | Lair:2   | Killed a seven-headed hydra
 11542 | Lair:3   | Reached XP level 13. HP: 115/115 MP: 13/13
 11853 | Lair:3   | Bought a runed demon whip for 594 gold pieces
 12121 | Lair:4   | Noticed Bekuax's ghost (journeyman MfIE)
 12198 | Lair:4   | Found a transporter.
 12292 | Lair:4   | Reached skill level 10 in Armour
 12497 | Lair:4   | Found a transporter.
 12498 | Lair:4   | Found a bloodstained altar of Trog.
 12753 | Lair:4   | Found a staircase to the Slime Pits.
 12753 | Lair:4   | Found a viscous altar of Jiyva.
 13229 | Lair:5   | Entered Level 5 of the Lair of Beasts
 13545 | Lair:5   | Reached skill level 10 in Fighting
 13692 | Lair:5   | Found a runed translucent door.
 13913 | Lair:5   | Paralysed by a hornet for 3 turns
 13972 | Lair:5   | Noticed Rupert
 14010 | Lair:5   | Killed Rupert
 14011 | Lair:5   | Reached XP level 14. HP: 129/129 MP: 14/14
 14384 | Lair:5   | Paralysed by a hornet for 3 turns
 14698 | Lair:5   | Reached skill level 1 in Evocations
 16121 | D:10     | Found an iron altar of Okawaru.
 16732 | D:11     | Found Pisar Ykoco's General Store.
 17212 | D:11     | Bought a masterwork flail for 314 gold pieces
 17212 | D:11     | Identified the +3 flail of Red Tender Mercy {drain, rPois
                  | Will+ Int-2 Dex+2} (You bought it in a shop on level 11 of
                  | the Dungeon)
 17296 | D:12     | Found a staircase to the Orcish Mines.
 18072 | D:12     | Reached skill level 15 in Maces & Flails
 18179 | D:12     | Noticed Maurice
 18193 | D:12     | Killed Maurice
 18392 | Orc:1    | Entered Level 1 of the Orcish Mines
 18414 | Orc:1    | Noticed Harold
 18435 | Orc:1    | Killed Harold
 18801 | Orc:2    | Entered Level 2 of the Orcish Mines
 18801 | Orc:2    | Found Ysen's Magic Scroll Shop.
 18812 | Orc:2    | Bought a scroll of butterflies for 60 gold pieces
 18812 | Orc:2    | Bought a scroll of acquirement for 780 gold pieces
 18812 | Orc:2    | Acquired the amulet of Curiosity {-Cast Harm rElec Regen+
                  | Str+4}
 19019 | Orc:2    | Found a staircase to the Elven Halls.
 19137 | Orc:2    | Reached XP level 15. HP: 133/139 MP: 15/15
 19175 | Orc:2    | Paralysed by something for 4 turns
 19248 | Orc:2    | Found Fyiwopha's Book Emporium.
 19248 | Orc:2    | Found Riugrasm's Jewellery Shop.
 19250 | Orc:2    | Found Kiurruf's Magic Scroll Shop.
 19250 | Orc:2    | Found Heteixzynt's Magic Scroll Shoppe.
 19325 | Orc:2    | Bought the ring "Neing" {rC+ Will+ EV+5 Str+3 Int+2} for
                  | 1057 gold pieces
 19327 | Orc:2    | Bought a scroll of fog for 48 gold pieces
 19327 | Orc:2    | Bought a scroll of fear for 48 gold pieces
 19327 | Orc:2    | Bought a scroll of blinking for 90 gold pieces
 19327 | Orc:2    | Bought a scroll of teleportation for 36 gold pieces
 19328 | Orc:2    | Bought a scroll of teleportation for 54 gold pieces
 19328 | Orc:2    | Bought 3 scrolls of teleportation for 162 gold pieces
 19328 | Orc:2    | Bought a scroll of teleportation for 54 gold pieces
 19670 | Elf:1    | Entered Level 1 of the Elven Halls
 19723 | Elf:1    | Paralysed by an air elemental for 1 turns
 19730 | Elf:1    | Paralysed by an air elemental for 1 turns
 19854 | Elf:1    | Noticed an Ice Fiend
 19982 | Elf:1    | Got Nuodwin's Encyclopedia of Accompaniment
 20656 | Elf:2    | Found a runed translucent gate.
 20656 | Elf:2    | Found a runed translucent gate.
 20661 | Elf:2    | Found a runed translucent gate.
 20862 | Elf:2    | Noticed a deep elf sorcerer
 20864 | Elf:2    | Noticed ragingrage's ghost (adept VSMo)
 20875 | Elf:2    | Found a runed translucent gate.
 20878 | Elf:2    | Found a runed translucent gate.
 20878 | Elf:2    | Found a runed translucent gate.
 21091 | Elf:2    | Reached XP level 16. HP: 150/150 MP: 16/16
 21508 | Elf:3    | Entered Level 3 of the Elven Halls
 21733 | Elf:3    | Found a flickering gateway to a bazaar.
 21745 | Bazaar   | Entered a bazaar
 21745 | Bazaar   | Found Vishrime's Jewellery Shoppe.
 21745 | Bazaar   | Found Pyum's Antique Weapon Shoppe.
 21763 | Bazaar   | Found Ceryn Oju's Antique Armour Boutique.
 21774 | Bazaar   | Found Jeatiz's Magic Scroll Emporium.
 21782 | Bazaar   | Found Duxueg's General Store.
 21820 | Bazaar   | Bought the amulet "Okiq Gix" {Reflect rPois rF- Will+
                  | Regen+ SH+5} for 477 gold pieces
 21831 | Bazaar   | Bought a shiny buckler for 262 gold pieces
 21852 | Bazaar   | Bought a scroll of identify for 34 gold pieces
 21852 | Bazaar   | Bought a scroll of identify for 34 gold pieces
 21852 | Bazaar   | Bought a scroll of identify for 34 gold pieces
 21852 | Bazaar   | Bought a scroll of poison for 68 gold pieces
 21852 | Bazaar   | Bought a scroll of teleportation for 51 gold pieces
 21852 | Bazaar   | Bought a scroll of teleportation for 51 gold pieces
 21852 | Bazaar   | Bought a scroll of fear for 68 gold pieces
 21860 | Bazaar   | Bought a scroll of fog for 64 gold pieces
 22636 | D:13     | Reached skill level 15 in Shields
 22762 | D:13     | Identified the +4 glaive of the Gloaming {freeze, rC- Will+
                  | Int+3 Dex+3}
 23183 | D:13     | Found a gate to the Vaults.
 23744 | Orc:1    | Found a one-way gate to the infinite horrors of the Abyss.
 23744 | Orc:1    | Noticed Shard1697's ghost (journeyman DjRe)
 23751 | Orc:1    | Found Guixesorgh's Magic Scroll Boutique.
 23877 | Orc:1    | Found a transporter.
 23952 | Orc:1    | Found a transporter.
 25345 | D:15     | Entered Level 15 of the Dungeon
 25834 | D:15     | Reached XP level 17. HP: 162/162 MP: 17/17
 26310 | D:15     | Found a staircase to the Depths.
 26367 | Depths:1 | Entered Level 1 of the Depths
 27049 | Depths:1 | Found a gateway to Hell.
 27284 | Depths:1 | Noticed an Ice Fiend
 27316 | Depths:1 | Killed an Ice Fiend
 27473 | Abyss:2  | Cast into level 2 of the Abyss (tengu warrior)
 27735 | Abyss:2  | Reached skill level 15 in Armour
 27776 | Depths:1 | Escaped the Abyss
 28118 | Depths:2 | Found a one-way gate leading to the halls of Pandemonium.
 28292 | Depths:2 | Noticed a deep elf master archer
 28305 | Depths:2 | Killed a deep elf master archer
 28451 | Depths:2 | Noticed a deep elf master archer
 28454 | Depths:2 | Noticed a deep elf master archer
 28459 | Depths:2 | Killed a deep elf master archer
 28470 | Depths:2 | Killed a deep elf master archer
 28593 | Depths:2 | Noticed a dread lich
 28594 | Depths:2 | Found a one-way gateway to a ziggurat.
 28999 | Elf:3    | Found Jophyscha's Jewellery Boutique.
 29023 | Elf:3    | Found Zopethre's Magic Scroll Boutique.
 29025 | Elf:3    | Identified the ring of Moderation {rPois rF+ Int+3 Dex+6}
 29164 | Elf:3    | Noticed a deep elf blademaster
 29175 | Elf:3    | Killed a deep elf blademaster
 29353 | Elf:3    | Noticed a deep elf blademaster
 29382 | Elf:3    | Killed a deep elf blademaster
 29451 | Elf:3    | Noticed a deep elf master archer
 29476 | Elf:3    | Reached skill level 15 in Fighting
 29482 | Elf:3    | Noticed a deep elf master archer
 29548 | Elf:3    | Killed a deep elf master archer
 29626 | Elf:3    | Killed a deep elf master archer
 29748 | Elf:3    | Identified the +1 ring mail of Fityuw {Contam rElec rF+
                  | Str+4}
 30053 | Elf:3    | Identified the +5 long sword of Integrity {heavy, *Slow
                  | rPois Str+5 Int+4}
 30071 | Elf:3    | Identified the +7 plate armour "Qutek" {Fly}
 30071 | Elf:3    | Identified the amulet "Uxyutusi" {Drain Regen+ Dex+5}
 30312 | Elf:3    | Reached XP level 18. HP: 172/173 MP: 18/18
 30561 | Elf:3    | Identified the +3 mace of Xampoott {heavy, Int+4 Dex+4}
 30598 | Elf:3    | Identified the +5 flail "Xurungesk" {distort, *Rage rC++}
 31071 | Elf:3    | Got Otsimm's Secrets of Flamy Geometry
 31121 | Elf:3    | Identified the staff of the Spider {rC+ rN+ Str-2 Conj}
 32186 | Spider:1 | Entered Level 1 of the Spider Nest
 33468 | Spider:2 | Noticed Mlioglotl
 33493 | Spider:2 | Killed Mlioglotl
 34585 | Swamp:1  | Entered Level 1 of the Swamp
 34941 | Swamp:1  | Noticed Louise
 34943 | Swamp:1  | Found a transporter.
 34944 | Swamp:1  | Noticed reriks's ghost (journeyman OgFE)
 34961 | Swamp:1  | Killed Louise
 34964 | Swamp:1  | Found a transporter.
 35288 | Swamp:1  | Noticed Jorgrun
 35302 | Swamp:1  | Killed Jorgrun
 35303 | Swamp:1  | Reached XP level 19. HP: 184/184 MP: 19/19
 35548 | Swamp:2  | Bought a scroll of blinking for 105 gold pieces
 36128 | Swamp:3  | Found a runed translucent door.
 36187 | Swamp:3  | Noticed Iryalus's ghost (adept MfBe)
 36799 | Swamp:3  | Killed Iryalus's ghost
 36856 | Swamp:4  | Entered Level 4 of the Swamp
 37516 | Swamp:4  | Got a decaying rune of Zot
 38528 | Spider:3 | Noticed Bai Suzhen
 38606 | Spider:3 | Killed Bai Suzhen
 38721 | Spider:3 | Identified the +1 rapier of the Tiger {vamp, rF++ Will++
                  | Str-2}
 38960 | Spider:4 | Entered Level 4 of the Spider Nest
 40297 | Spider:4 | Reached XP level 20. HP: 160/196 MP: 20/20
 41465 | Spider:4 | Paralysed by a jorogumo for 2 turns
 41780 | Spider:4 | Identified the +2 arbalest "Fathanif" {elec, Fly rF+ Will+}
 41869 | Spider:4 | Got a gossamer rune of Zot
 42286 | Vaults:1 | Entered Level 1 of the Vaults
 42517 | Vaults:1 | Bought the +1 helmet of the Four Lies {Fly rElec Regen+
                  | Dex-5} for 317 gold pieces
 43656 | Vaults:1 | Gained mutation: You have large cloven feet. [potion of
                  | mutation]
 43656 | Vaults:1 | Gained mutation: You are weak. (Str -2) [potion of
                  | mutation]
 43656 | Vaults:1 | Gained mutation: You have supernaturally acute eyesight.
                  | (SInv) [potion of mutation]
 43801 | Vaults:2 | Bought a +2 kite shield of protection for 473 gold pieces
 43820 | Vaults:2 | Bought a masterwork scarf for 370 gold pieces
 43820 | Vaults:2 | Identified the scarf of Xyelokae {shadows, Contam Str+5
                  | Int+3} (You bought it in a shop on level 2 of the Vaults)
 43820 | Vaults:2 | Bought a potion of invisibility for 296 gold pieces
 43820 | Vaults:2 | Bought a scroll of teleportation for 111 gold pieces
 43820 | Vaults:2 | Bought a scroll of poison for 148 gold pieces
 43981 | Vaults:2 | Noticed Mennas
 44556 | Vaults:2 | Found Sonedua's Book Shoppe.
 44972 | Vaults:2 | Reached XP level 21. HP: 196/206 MP: 21/21
 44985 | Vaults:2 | Found a staircase to the Crypt.
 45235 | Vaults:2 | You are sucked into a shaft and drop 1 floor!
 45344 | Vaults:3 | Found a transporter.
 45344 | Vaults:3 | Found Ytonikis's Armour Boutique.
 45753 | Vaults:3 | Found a runed translucent door.
 45753 | Vaults:3 | Found a shimmering altar of Xom.
 45753 | Vaults:3 | Noticed Qeunemit's ghost (adept GrFi)
 45787 | Vaults:3 | Found Nenwy's Antique Weapon Boutique.
 46127 | Vaults:3 | Found a transporter.
 46624 | Vaults:4 | Got the Octavo of Frigid Scree
 46717 | Vaults:4 | Found a runed translucent gate.
 46717 | Vaults:4 | Found a runed translucent gate.
 46717 | Vaults:4 | Found a runed translucent gate.
 46717 | Vaults:4 | Noticed Pixtaico's ghost (adept FeNe)
 47706 | Vaults:4 | Found a viscous altar of Jiyva.
 47735 | Vaults:5 | Entered Level 5 of the Vaults
 47735 | Vaults:5 | Noticed Frederick
 47760 | Vaults:5 | Killed Frederick
 47884 | Vaults:5 | Identified the +6 quarterstaff of Desperation {elec, Dex+3}
 47964 | Vaults:5 | Reached XP level 22. HP: 212/218 MP: 22/22
 48056 | Vaults:5 | Reached skill level 10 in Dodging
 48230 | Vaults:5 | Identified the +3 lajatang of Wealth {vamp, Fly rCorr
                  | Stlth+}
 48378 | Vaults:5 | Identified the +6 rapier "Bykam" {holy, rElec rF+ rC+
                  | Int-4}
 48378 | Vaults:5 | Identified the ring of Ytemm {rF++ MP+9 Int+3 Stlth-}
 48386 | Vaults:5 | Noticed a golden dragon
 48402 | Vaults:5 | Killed a golden dragon
 48411 | Vaults:5 | Got a silver rune of Zot
 48444 | Vaults:5 | Identified the +1 leather armour "Esiu" {rPois Will+ rCorr
                  | Dex+4}
 48446 | Vaults:5 | Identified the +0 leather armour of Xopynude {rElec Str+5
                  | Dex-4}
 48905 | Vaults:5 | Got Sif Muna's Compendium of Ozone and the Blaze
 48942 | Vaults:5 | Noticed an ancient lich
 48973 | Vaults:5 | Killed an ancient lich
 49019 | Vaults:5 | Identified the +1 robe "Itoxtiurph" {Will+ Str+4 Int-2}
 49023 | Vaults:5 | Identified the staff "Zafaoz" {Conj Earth}
 50469 | Vaults:1 | Killed Mennas
 50647 | Crypt:1  | Entered Level 1 of the Crypt
 51655 | Crypt:2  | Reached XP level 23. HP: 196/227 MP: 23/23
 51818 | Crypt:2  | Identified the ring of the Cricket {Ice +Blink Slay+5}
 51818 | Crypt:2  | Noticed Josephina
 51846 | Crypt:2  | Killed Josephina
 52385 | Crypt:3  | Entered Level 3 of the Crypt
 52628 | Crypt:3  | Found a basalt altar of Yredelemnul.
 53088 | Crypt:3  | Identified the staff of the Walnut {rPois rC+ Dex+4 Ice}
 53139 | Crypt:3  | Noticed Khufu
 53206 | Crypt:3  | Killed Khufu
 53342 | Crypt:3  | Identified the ring "Zuidai Neni" {rPois rF+++ rN+ Will++
                  | Dex-4}
 53342 | Crypt:3  | Identified the ring of Fatigue {rC+ rN+ Slay+4}
 53413 | Crypt:3  | Found a staircase to the Tomb.
 53432 | Crypt:3  | Identified the staff "Cosiqum" {rC+ Str+3 Fire Ice}
 53940 | Hell     | Entered the Vestibule of Hell
 53940 | Hell     | Noticed Geryon
 53962 | Hell     | Killed Geryon
 54127 | Hell     | Found a gateway to the ashen valley of Gehenna.
 54291 | Hell     | Found a gateway to the freezing wastes of Cocytus.
 54405 | Hell     | Found a gateway to the Iron City of Dis.
 54714 | Hell     | Found a gateway to the decaying netherworld of Tartarus.
 54876 | Geh:1    | Entered Level 1 of Gehenna
 55027 | Geh:1    | You are sucked into a shaft and drop 1 floor!
 55055 | Geh:2    | Reached XP level 24. HP: 215/241 MP: 23/23
 56899 | Geh:7    | Entered Level 7 of Gehenna
 57148 | Geh:7    | Noticed the Serpent of Hell
 57219 | Geh:7    | Killed the Serpent of Hell
 57287 | Geh:7    | Reached skill level 5 in Evocations
 57295 | Geh:7    | Identified the ring of Maexta {Fire rElec rPois Int-5}
 57372 | Geh:7    | Identified the +5 broad axe of Sunlight {spect, rN+}
 57557 | Geh:7    | Found the +13 sceptre of Asmodeus
 57557 | Geh:7    | Noticed Asmodeus
 57590 | Geh:7    | Killed Asmodeus
 57609 | Geh:7    | Identified the +6 chain mail of Nerphob {rF- rN+++ rCorr
                  | Int-3}
 57611 | Geh:7    | Got an obsidian rune of Zot
 57635 | Geh:7    | Reached XP level 25. HP: 217/256 MP: 23/23
 57640 | Geh:7    | Identified the +1 leather armour of the Thistle {rElec}
 57722 | Geh:7    | Identified the staff of Conversion {rPois rF- rCorr Conj}
 58328 | Slime:1  | Entered Level 1 of the Pits of Slime
 58339 | Slime:1  | Gained mutation: Your spells are a little easier to cast,
                  | but a little less powerful. [a shining eye]
 59220 | Slime:2  | Noticed Dissolution
 59229 | Slime:2  | Killed Dissolution
 60374 | Slime:4  | Gained mutation: You sometimes lose your temper in combat.
                  | [a shining eye]
 60377 | Slime:4  | Gained mutation: You occasionally lose the ability to drink
                  | potions when taking damage. [a shining eye]
 60383 | Slime:4  | Gained mutation: You are very weak. (Str -4) [a shining
                  | eye]
 60562 | Slime:5  | Entered Level 5 of the Pits of Slime
 60830 | Slime:5  | Gained mutation: You occasionally lose the ability to read
                  | scrolls when taking damage. [a shining eye]
 60832 | Slime:5  | Gained mutation: You are clumsy. (Dex -2) [a shining eye]
 61039 | Slime:5  | Noticed the Royal Jelly
 61061 | Slime:5  | Killed the Royal Jelly
 61078 | Slime:5  | Identified the +3 glaive "Vauzeoj" {heavy, Fragile Will+
                  | Int+2}
 61085 | Slime:5  | Identified the +10 scimitar of Infinity {freeze, Str+2}
 61156 | Slime:5  | Identified the +1 scale mail of Wasted Space {rN+ Str+4
                  | Dex+3}
 61173 | Slime:5  | Got a slimy rune of Zot
 61199 | Slime:5  | Identified the +0 leather armour "Mycsecop" {rPois Dex+2}
 61493 | Lair:4   | Killed Bekuax's ghost
 61774 | Lair:1   | Killed Maxmaps's ghost
 62066 | Orc:1    | Killed Shard1697's ghost
 62368 | Elf:2    | Killed ragingrage's ghost
 62998 | Orc:1    | Voluntarily entered the Abyss.
 63473 | Abyss:2  | Found a corrupted altar of Lugonu.
 63709 | Abyss:2  | Found a corrupted altar of Lugonu.
 63845 | Abyss:2  | Reached XP level 26. HP: 263/268 MP: 23/23
 64109 | Abyss:3  | Found a corrupted altar of Lugonu.
 64276 | Abyss:3  | Noticed a dread lich
 64291 | Abyss:3  | Killed a dread lich
 64315 | Abyss:3  | Found a corrupted altar of Lugonu.
 64329 | Abyss:3  | Noticed an ancient lich
 64337 | Abyss:3  | Killed an ancient lich
 64387 | Abyss:3  | Gained mutation: You sometimes lose the ability to drink
                  | potions when taking damage. [a neqoxec]
 64398 | Abyss:3  | Gained mutation: Your magical capacity is low. (-10% MP) [a
                  | neqoxec]
 64440 | Abyss:3  | Paralysed by accursed screaming for 2 turns
 64449 | Abyss:3  | Got an abyssal rune of Zot
 64451 | Abyss:3  | Paralysed by accursed screaming for 1 turns
 64538 | Orc:1    | Escaped the Abyss
 64602 | Orc:1    | Lost mutation: You sometimes lose the ability to drink
                  | potions when taking damage. [potion of mutation]
 64602 | Orc:1    | Lost mutation: Your spells are a little easier to cast, but
                  | a little less powerful. [potion of mutation]
 64602 | Orc:1    | Lost mutation: You sometimes lose your temper in combat.
                  | [potion of mutation]
 64602 | Orc:1    | Lost mutation: You occasionally lose the ability to read
                  | scrolls when taking damage. [potion of mutation]
 64602 | Orc:1    | Lost mutation: Your magical capacity is low. (-10% MP)
                  | [potion of mutation]
 64602 | Orc:1    | Lost mutation: You are very weak. (Str -4) [potion of
                  | mutation]
 64602 | Orc:1    | Gained mutation: Your magical capacity is low. (-10% MP)
                  | [potion of mutation]
 64602 | Orc:1    | Gained mutation: You are frail. (-10% HP) [potion of
                  | mutation]
 64602 | Orc:1    | Gained mutation: You have a pair of small horns on your
                  | head. [potion of mutation]
 64603 | Orc:1    | Lost mutation: Your magical capacity is low. (-10% MP)
                  | [potion of mutation]
 64603 | Orc:1    | Lost mutation: You have supernaturally acute eyesight.
                  | (SInv) [potion of mutation]
 64603 | Orc:1    | Lost mutation: You have a pair of small horns on your head.
                  | [potion of mutation]
 64603 | Orc:1    | Lost mutation: You are frail. (-10% HP) [potion of
                  | mutation]
 64603 | Orc:1    | Lost mutation: You occasionally lose the ability to drink
                  | potions when taking damage. [potion of mutation]
 64603 | Orc:1    | Lost mutation: You are clumsy. (Dex -2) [potion of
                  | mutation]
 64603 | Orc:1    | Gained mutation: You occasionally lose the ability to read
                  | scrolls when taking damage. [potion of mutation]
 64603 | Orc:1    | Gained mutation: Your flesh is heat resistant. (rF+)
                  | [potion of mutation]
 64603 | Orc:1    | Gained mutation: You are partially covered in iridescent
                  | scales. (AC +2) [potion of mutation]
 64989 | Depths:2 | Killed a dread lich
 65327 | Depths:3 | Reached skill level 27 in Shields
 65421 | Depths:3 | Found Donustra's Antique Armour Boutique.
 65991 | Depths:3 | Found a runed translucent gate.
 65992 | Depths:3 | Found a runed translucent gate.
 65993 | Depths:3 | Found a runed translucent gate.
 65993 | Depths:3 | Noticed Polaczum's ghost (adept TrMo)
 66232 | Depths:4 | Entered Level 4 of the Depths
 66314 | Depths:4 | Found a blossoming altar of Fedhas.
 66384 | Depths:4 | Gained mutation: You are dopey. (Int -2) [a shining eye]
 66879 | Depths:4 | Found a gate to the Realm of Zot.
 67072 | Depths:4 | Found Igasmis's Book Shoppe.
 67073 | Depths:4 | Found Negelo's Jewellery Shop.
 67073 | Depths:4 | Found Kiagij's Book Shoppe.
 67234 | Depths:4 | Bought a potion of mutation for 112 gold pieces
 67234 | Depths:4 | Bought a potion of lignification for 42 gold pieces
 67234 | Depths:4 | Bought a wand of quicksilver (5) for 294 gold pieces
 67234 | Depths:4 | Bought a scroll of poison for 56 gold pieces
 67240 | Depths:4 | Bought a potion of heal wounds for 160 gold pieces
 67240 | Depths:4 | Bought a potion of curing for 96 gold pieces
 67242 | Depths:4 | Bought a potion of invisibility for 144 gold pieces
 67242 | Depths:4 | Bought a potion of brilliance for 72 gold pieces
 67242 | Depths:4 | Bought a scroll of blinking for 135 gold pieces
 67245 | Depths:4 | Bought a polished plate armour for 1260 gold pieces
 67245 | Depths:4 | Identified the +2 plate armour "Piad" {-Cast Harm rElec
                  | Stlth+} (You bought it in a shop on level 4 of the Depths)
 67476 | Vaults:5 | Acquired 903 gold pieces
 67749 | Zot:1    | Entered Level 1 of the Realm of Zot
 68190 | Zot:1    | Reached XP level 27. HP: 282/282 MP: 23/23
 68583 | Zot:1    | Noticed an orb of fire
 68583 | Zot:1    | Gained mutation: You are vulnerable to cold. (rC-) [an orb
                  | of fire]
 68588 | Zot:1    | Gained mutation: You are very vulnerable to cold. (rC--)
                  | [an orb of fire]
 68596 | Zot:1    | Killed an orb of fire
 68817 | Zot:2    | Found the +4 dragonskin cloak
 68817 | Zot:2    | Noticed Tiamat
 69084 | Zot:2    | Killed Tiamat
 69692 | Zot:2    | Gained mutation: Your spells are a little easier to cast,
                  | but a little less powerful. [mutagenic glow]
 70113 | Zot:2    | Identified the ring of the Raven {rN+ Str+6 Int+6 Slay+3}
 71042 | Zot:3    | Noticed a dread lich
 71044 | Zot:3    | Noticed a dread lich
 71046 | Zot:3    | Noticed a dread lich
 71049 | Zot:3    | Noticed a dread lich
 71051 | Zot:3    | Noticed a dread lich
 71054 | Zot:3    | Killed a dread lich
 71060 | Zot:3    | Killed a dread lich
 71065 | Zot:3    | Killed a dread lich
 71517 | Zot:3    | Killed a dread lich
 71533 | Zot:3    | Killed a dread lich
 71708 | Zot:3    | Found a runed translucent gate.
 71709 | Zot:3    | Found a runed translucent gate.
 71709 | Zot:3    | Found a runed translucent gate.
 71709 | Zot:3    | Found an opulent altar of Gozag.
 71709 | Zot:3    | Noticed Joggorr's ghost (veteran OgBe)
 71713 | Zot:3    | Found Gaston's Assorted Antiques.
 71771 | Zot:3    | Killed Joggorr's ghost
 72062 | Zot:3    | Bought a scroll of acquirement for 1924 gold pieces
 72062 | Zot:3    | Bought a translucent copper ring for 185 gold pieces
 72062 | Zot:3    | Identified the ring "Roaces" {Fire rCorr SInv} (You bought
                  | it in a shop on level 3 of the Realm of Zot)
 72066 | Zot:3    | Acquired 826 gold pieces
 72068 | Zot:3    | Bought a scroll of teleportation for 111 gold pieces
 72068 | Zot:3    | Bought a potion of haste for 370 gold pieces
 72068 | Zot:3    | Bought 2 potions of mutation for 592 gold pieces
 72068 | Zot:3    | Bought a wand of quicksilver (5) for 777 gold pieces
 72068 | Zot:3    | Bought a wand of charming (4) for 355 gold pieces
 72153 | Zot:4    | Noticed an orb of fire
 72172 | Zot:4    | Gained mutation: You sometimes lose your temper in combat.
                  | [an orb of fire]
 72175 | Zot:4    | Killed an orb of fire
 73090 | Zot:4    | Identified the +1 morningstar of the Invisible Princes
                  | {venom, rC+ Dex+4}
 73269 | Zot:5    | Entered Level 5 of the Realm of Zot
 73841 | Zot:5    | Noticed an ancient lich
 73852 | Zot:5    | Killed an ancient lich
 73899 | Zot:5    | Noticed an orb of fire
 73900 | Zot:5    | Noticed an orb of fire
 73913 | Zot:5    | Gained mutation: You are frail. (-10% HP) [an orb of fire]
 73917 | Zot:5    | Killed an orb of fire
 73924 | Zot:5    | Killed an orb of fire
 74469 | Zot:5    | Noticed an orb of fire
 74470 | Zot:5    | Noticed an orb of fire
 74471 | Zot:5    | Noticed an orb of fire
 74473 | Zot:5    | Gained mutation: Your body sometimes deteriorates upon
                  | taking damage. [an orb of fire]
 74474 | Zot:5    | Gained mutation: You are clumsy. (Dex -2) [an orb of fire]
 74477 | Zot:5    | Noticed a dread lich
 74478 | Zot:5    | Noticed an orb of fire
 74479 | Zot:5    | Reached skill level 27 in Fighting
 74480 | Zot:5    | Noticed a dread lich
 74529 | Zot:5    | Noticed an orb of fire
 74543 | Zot:5    | Killed an orb of fire
 74556 | Zot:5    | Killed an orb of fire
 74579 | Zot:5    | Killed an orb of fire
 74659 | Zot:5    | Gained mutation: You are very frail. (-20% HP) [an orb of
                  | fire]
 74663 | Zot:5    | Killed an orb of fire
 75224 | Zot:5    | Killed a dread lich
 75390 | Zot:5    | Noticed a dread lich
 75405 | Zot:5    | Killed a dread lich
 75887 | Zot:5    | Reached skill level 27 in Maces & Flails
 75890 | Zot:5    | Gained mutation: You have hidden genetic defects. [an orb
                  | of fire]
 75907 | Zot:5    | Gained mutation: You sometimes lose the ability to read
                  | scrolls when taking damage. [an orb of fire]
 75913 | Zot:5    | Killed an orb of fire
 76056 | Zot:5    | Noticed a dread lich
 76066 | Zot:5    | Killed a dread lich
 76107 | Zot:5    | Killed a dread lich
 76417 | Dis:1    | Entered Level 1 of the Iron City of Dis
 76653 | Dis:2    | You are sucked into a shaft and drop 2 floors!
 76694 | Dis:4    | Killed from afar by a Hell Sentinel

Illustrated notes

Levels and vault maps discovered:
D:1:      mushboom_english_gardens, layout_loops_corners
D:2:      layout_basic, basic_altar, guppyfry_early_orc_mine, uniq_terence
D:3:      layout_rooms, minmay_misc_feat_iff, st_stairs_11,
          kennysheep_generic_room_13
D:4:      cheibrodos_barr_body, layout_basic, nicolae_hepliaklqana_hazy_memory,
          kennysheep_little_box, serial_demonic, serial_demonic_d,
          serial_demonic_g, serial_demonic_c, serial_demonic_a,
          serial_demonic_f, serial_demonic_c, serial_demonic_a
D:5:      layout_cave_pools, minmay_temple_entry_nine_rooms, enter_ossuary_3,
          uniq_eustachio, uniq_crazy_yiuf_cottage, uniq_pikel, uniq_duvessa
D:6:      layout_cave_pools, nicolae_ru_path_of_blood, uniq_blork_the_orc,
          uniq_grinder, uniq_prince_ribbit1
D:7:      layout_basic, grunt_temple_overflow_open
D:8:      layout_rooms, grunt_lair_entry_orc_guard_hut
D:9:      layout_basic, general_overflow_altar, minmay_evil_grid, uniq_erica,
          uniq_maggie
D:10:     layout_basic, lemuel_round_altar, uniq_sonja
D:11:     layout_irregular_city, serial_shops, shop
D:12:     layout_irregular_city, david_orc_2, uniq_maurice
D:13:     nzn_winding_woodlands_huge [nzn_winding_woodlands_5x15_garden,
          nzn_winding_woodlands_5x15_split_checker,
          nzn_winding_woodlands_5x15_default,
          nzn_winding_woodlands_5x15_pathside_ponds,
          nzn_winding_woodlands_5x15_sidewinder,
          nzn_winding_woodlands_5x15_jagged, nzn_winding_woodlands_5x15_parted,
          nzn_winding_woodlands_5x15_pockets, nzn_winding_woodlands_5x15_cabin,
          nzn_winding_woodlands_5x15_river_crossing,
          nzn_winding_woodlands_center_lodge,
          nzn_winding_woodlands_center_triple_pond,
          nzn_winding_woodlands_15x15_boxy_spiral], layout_basic,
          david_vaults_2, dreamdust_wishing_well
D:14:     layout_gridville, chequers_serial_rivers_small_3
D:15:     grunt_enter_depths_hoard, layout_basic, serial_bayou_lagoon_a,
          minmay_misc_feat_five, minmay_starry_boxes
Lair:1:   layout_hall_layers, nzn_ghost_randoct
Lair:2:   layout_misc_corridors, palyth_hydra_swamp_entry, dummy_spider_entry,
          nicolae_lair_lil_pond, cheibrodos_lair_lostbears, uniq_nergalle
Lair:3:   layout_layer_cave, grunt_megastairs_2
Lair:4:   slaughterhouse, layout_loops_ring, minmay_slime_entry_jelly_boxes,
          gammafunk_ghost_wrathful_warriors, infiniplex_staircase_pool
Lair:5:   hangedman_lair_tendril_chambers, layout_long_grid, wormcave,
          uniq_rupert
Swamp:1:  layout_falls_marsh, gammafunk_ghost_mausoleum,
          nicolae_swamp_very_dense_foliage, uniq_jorgrun, uniq_louise
Swamp:2:  layout_basic_swamp, nicolae_swamp_trees_clearing, swamp_pool3,
          hangedman_swamp_blocks
Swamp:3:  layout_basic_swamp, hellmonk_ghost_happy_afterlife,
          evilmike_swamp_ruin_house_1
Swamp:4:  swamp_alternative, layout_basic_swamp
Spider:1: layout_spider_delve
Spider:2: layout_spider_delve, uniq_mlioglotl
Spider:3: layout_spider_delve, uniq_bai_suzhen
Spider:4: floodkiller_spider_rune_tomb, nicolae_orb_island
Slime:1:  layout_caves
Slime:2:  layout_caves, uniq_dissolution
Slime:3:  layout_caves
Slime:4:  layout_caves
Slime:5:  slime_pit_nicolae_royal_road_to_ruin
Orc:1:    minmay_goldmine, layout_caves, gammafunk_ghost_abyssal_escape,
          serial_shops, nicolae_diamond_shop, nicolae_orc_lost_temple,
          uniq_harold
Orc:2:    st_orc_ogre_mass, layout_diamond_mine, serial_shops,
          nicolae_shop_tiny_statue_garden, mines2_david
Elf:1:    minmay_elf_arrival_circle, layout_loops_ring, minmay_elf_demonology
Elf:2:    nicolae_elf_blades_splatter_lattice [nicolae_blade_little_rooms],
          layout_geoelf_diagonals, gammafunk_ghost_split
Elf:3:    minmay_elf_hall_x, layout_geoelf_grid, serial_shops, bzr_firewalk,
          nicolae_shop_hallway_plus, shop, special_room [special_room_orc],
          grunt_ministairs_8, grunt_megastairs_3
Vaults:1: nicolae_vaults_network_quinsquares
          [nicolae_vaults_network_quincunx_subvault,
          nicolae_vaults_network_quincunx_subvault,
          nicolae_vaults_network_quincunx_subvault,
          nicolae_vaults_network_quincunx_subvault], v_misc_9,
          nicolae_vaults_border_crossing, grunt_vaults_funnel,
          hangedman_vaults_river_flow, v_alt_pattern_5,
          nicolae_vaults_tetromino_Z_1, layout_vaults_omnigrid
Vaults:2: nicolae_vaults_three_branches, vaults_dpeg_cross,
          nicolae_vaults_double_plus_3, v_misc_8, vaults_room_fours,
          ontoclasm_vaults_loading_screen, nicolae_vaults_network_barrier,
          blue_anna_dwarven_crypt, hangedman_vaults_corner_blocks,
          nicolae_vaults_network_quincunx
          [nicolae_vaults_network_quincunx_subvault,
          nicolae_vaults_network_quincunx_subvault,
          nicolae_vaults_network_quincunx_subvault,
          nicolae_vaults_network_quincunx_subvault,
          nicolae_vaults_network_quincunx_subvault], v_misc_13,
          vaults_room_semicircle, nicolae_vaults_surprise_closet,
          layout_vaults_big_cross, serial_shops, shop, uniq_mennas
Vaults:3: ebering_ghost_xom, nicolae_vaults_prndl,
          nicolae_vaults_storage_room_statues, vaults_room_door_hall,
          nicolae_vaults_double_plus_3, v_misc_1, vaults_room_pool,
          vaults_dpeg_doors, ontoclasm_vaults_spin,
          nicolae_vaults_oval_intersection,
          nicolae_vaults_shipping_containers_7, vaults_mumra_hex,
          nicolae_vaults_tetromino_T_2, vaults_dpeg_ring,
          layout_vaults_maze_snakey, serial_shops, nicolae_shop_drivethru,
          nicolae_shop_statue_plus
Vaults:4: gammafunk_ghost_ooze, nicolae_vaults_mini_display_case,
          nicolae_vaults_double_plus_2, nicolae_vaults_diagonal_hallway_8,
          nicolae_vaults_cochlea, grunt_vaults_hallway_short,
          ontoclasm_vaults_gateway, vaults_room_fours, grunt_vaults_twisty,
          nicolae_vaults_surprise_closet, layout_vaults_chaotic_city
Vaults:5: serial_shops, uniq_frederick
Crypt:1:  layout_chaotic_city, grunt_ministairs_3, grunt_megastairs_1
Crypt:2:  layout_gridlike, uniq_josephina
Crypt:3:  grunt_crypt_end_deaths_head, uniq_khufu
Depths:1: layout_gridlike, grunt_hell_entry_dis_mu, ice2_lemuel,
          serial_bayou_shore_b
Depths:2: dreamdust_merry_men, layout_long_grid, enter_ziggurat_d,
          rand_demon_pan_entry_5, hell_entry
Depths:3: minmay_angry_zag, layout_cave_pools, gammafunk_ghost_tricky_traps,
          serial_shops, nicolae_shop_competitors_out_of_business, nicolae_wwwww,
          hangedman_abyss_entry_splay, hell_entry,
          minmay_staircase_statues_hall_small
Depths:4: evilmike_zot_entry_gauntlet, layout_cave_pools,
          rand_demon_pan_entry_8, hell_entry, fedhas_altar_1,
          columned_hall_lemuel, minmay_shop_grove
Hell
Dis:1:    layout_regular_city
Dis:2:    layout_gridville, nicolae_dis_big_boring_drill
Dis:4:    layout_gridville
Geh:1:    layout_gehenna_pools_basic
Geh:2:    layout_gehenna_pools_box
Geh:3:    layout_gehenna_pools_triple, nicolae_geh_single_fiery_grave
Geh:4:    layout_gehenna_pools_box
Geh:5:    layout_gehenna_pools_basic
Geh:6:    layout_gehenna_lava_caves
Geh:7:    geh_grunt
Zot:1:    layout_twisted_circle, st_stairs_13, grunt_ministairs_15
Zot:2:    layout_basic, uniq_tiamat
Zot:3:    hellmonk_paralyzer, layout_twisted_circle, ebering_ghost_gozag,
          hangedman_zot_spectrum
Zot:4:    layout_concentric_octagons
Zot:5:    layout_cellular_growth

Skill      XL: |  1  2  3  4  5  6  7  8  9 10 11 12 13 14 15 16 17 18 19 20 21 22 23 24 25 26 27 |
---------------+----------------------------------------------------------------------------------+-----
Armour         | 4 5 6 8 9 11 12 13 14 15 16 17 18 19 20 21 23 | 23.3
Maces & Flails | 2 3 4 5 7 9 10 12 13 14 15 16 17 18 19 20 21 22 23 24 27 | 27.0
Fighting       | 3 4 6 7 8 10 11 12 14 15 16 17 18 19 20 22 23 24 27 | 27.0
Shields        | 4 5 6 7 8 9 10 12 13 14 15 16 18 19 20 22 23 24 25 26 27 | 27.0
Dodging        | 1 2 3 4 5 6 7 8 9 10 11 14 | 14.1
Stealth        | 1 3 4 |  4.2
Throwing       | 1 2 |  2.5
Evocations     | 1 2 3 4 5 |  5.7

Action                     |  1- 3 |  4- 6 |  7- 9 | 10-12 | 13-15 | 16-18 | 19-21 | 22-24 | 25-27 || total
---------------------------+-------+-------+-------+-------+-------+-------+-------+-------+-------++-------
  Melee: Flail             |   112 |   151 |   395 |   883 |  1725 |  1835 |  2381 |   420 |       ||  7902
         Tailslap          |     8 |    16 |    44 |   143 |   302 |   382 |   486 |   455 |   621 ||  2457
         Kick              |       |       |       |       |       |       |   448 |   934 |  1214 ||  2596
         Sacred scourge    |       |       |       |       |       |       |       |  1769 |   140 ||  1909
         Great mace        |       |       |       |       |       |       |       |    39 |       ||    39
         Eveningstar       |       |       |       |       |       |       |       |       |  2579 ||  2579
         Punch             |       |       |       |       |       |       |       |       |     4 ||     4
  Throw: Dart              |       |       |     1 |    10 |    19 |       |     3 |       |       ||    33
         Boomerang         |       |       |       |       |    16 |       |       |       |       ||    16
 Invoke: Call Merchant     |       |       |       |       |     3 |       |     5 |       |     6 ||    14
         Potion Petition   |       |       |       |       |     1 |       |     2 |     3 |     3 ||     9
  Evoke: Wand              |       |       |       |     4 |    11 |     4 |    53 |       |     3 ||    75
         Box of beasts     |       |       |       |       |     2 |     3 |     2 |     1 |       ||     8
         Lightning rod     |       |       |       |       |       |     4 |     6 |     7 |     4 ||    21
         Phantom mirror    |       |       |       |       |       |     2 |     2 |     1 |     2 ||     7
         Condenser vane    |       |       |       |       |       |       |     3 |     3 |     4 ||    10
         Horn of Geryon    |       |       |       |       |       |       |       |     1 |     1 ||     2
    Use: Potion            |     2 |     1 |     2 |     1 |     5 |     8 |     8 |     6 |     4 ||    37
         Scroll            |     1 |     6 |     1 |    12 |    12 |     6 |    11 |    11 |    13 ||    73
   Stab: Sleeping          |       |       |       |     1 |       |       |       |       |       ||     1
         Distracted        |       |       |       |     1 |     7 |     7 |    18 |    13 |    50 ||    96
         Invisible         |       |       |       |       |     6 |     5 |    13 |    12 |     1 ||    37
         Confused          |       |       |       |       |       |       |     1 |       |       ||     1
         Petrified         |       |       |       |       |       |       |       |       |     1 ||     1
 Armour: Scale mail        |    54 |    20 |       |       |       |       |       |       |       ||    74
         Ring mail         |       |    30 |    90 |    57 |       |       |       |       |       ||   177
         Chain mail        |       |       |       |   135 |   378 |   542 |   965 |   650 |  1089 ||  3759
  Dodge: Dodged            |    34 |   120 |   310 |   479 |   672 |   937 |  1666 |   445 |   399 ||  5062
  Block: Buckler           |    27 |    35 |    86 |   369 |   608 |   679 |   727 |       |       ||  2531
         Reflection        |       |       |       |     9 |     5 |       |       |     3 |    36 ||    53
         Kite shield       |       |       |       |       |       |       |   716 |  1295 |   404 ||  2415
         Other             |       |       |       |       |       |       |       |       |    28 ||    28
         Tower shield      |       |       |       |       |       |       |       |       |  1679 ||  1679

Table legend: (Time is in decaauts)
 A = Elapsed time spent in this place.
 B = Non-inter-level travel time spent in this place.
 C = Inter-level travel time spent in this place.
 D = Time resting spent in this place.
 E = Time spent auto-exploring this place.
 F = Levels seen in this place.
 G = Mean time per level.
                   A        B        C        D        E       F      G
               +--------+--------+--------+--------+--------+-----+--------+
         Total |  73412 |  66543 |   6869 |   9964 |  37626 |  71 | 1034.0 |
       Dungeon |  15944 |  13903 |   2041 |   1528 |   9072 |  15 | 1062.9 |
          Lair |   7419 |   6533 |    886 |    852 |   3783 |   5 | 1483.8 |
         Swamp |   3015 |   2896 |    119 |     55 |   2146 |   4 |  753.8 |
   Spider Nest |   6266 |   5808 |    458 |   1821 |   2239 |   4 | 1566.5 |
    Slime Pits |   3008 |   2858 |    150 |    419 |   1788 |   5 |  601.6 |
  Orcish Mines |   2518 |   1964 |    554 |    176 |   1203 |   2 | 1259.0 |
   Elven Halls |   5689 |   5335 |    354 |   1582 |   2022 |   3 | 1896.3 |
        Vaults |   8096 |   6910 |   1186 |    363 |   4292 |   5 | 1619.2 |
         Crypt |   2740 |   2620 |    120 |     49 |   1819 |   3 |  913.3 |
        Depths |   4289 |   3739 |    550 |    235 |   2570 |   4 | 1072.2 |
          Hell |    895 |    845 |     50 |     28 |    407 |   1 |  895.0 |
           Dis |    257 |    247 |     10 |     54 |    118 |   3 |   85.7 |
       Gehenna |   2663 |   2551 |    112 |    237 |   1318 |   7 |  380.4 |
           Zot |   8164 |   7889 |    275 |   2208 |   3874 |   5 | 1632.8 |
         Abyss |   1771 |   1771 |      0 |    127 |    847 |   3 |  590.3 |
        Bazaar |    128 |    128 |      0 |      0 |      0 |   1 |  128.0 |
       Ossuary |    544 |    544 |      0 |    225 |    126 |   1 |  544.0 |
               +--------+--------+--------+--------+--------+-----+--------+

Top non-repeatable levels by time:
   Elf:3: 3092 daAuts
   Zot:5: 2827 daAuts
Spider:4: 2763 daAuts
  Lair:5: 2631 daAuts
    D:13: 2094 daAuts
Vaults:1: 1984 daAuts
Vaults:2: 1899 daAuts
     D:9: 1855 daAuts
   Zot:3: 1749 daAuts
Spider:2: 1732 daAuts
Vaults:5: 1602 daAuts
   Elf:2: 1590 daAuts
Vaults:4: 1430 daAuts
   Orc:1: 1414 daAuts
 Abyss:2: 1360 daAuts
